 Dungeon Crawl Stone Soup version 0.30-a0-622-gddc90eaa04 (webtiles) character file.

Game seed: 18122648759609758374

15 IdlyInterested the Chopper (level 2, -1/22 HPs)
             Began as a Demonspawn Gladiator on Jan 10, 2023.
             Slain by a gnoll
             ... wielding a +0 spear
              (4 damage)
             ... on level 1 of the Dungeon.
             The game lasted 00:01:36 (444 turns).

IdlyInterested the Chopper (Demonspawn Gladiator)    Turns: 444, Time: 00:01:37

Health: -1/22      AC:  4    Str: 14    XL:     2   Next: 34%
Magic:  2/2        EV: 12    Int:  9    God:
Gold:   47         SH:  0    Dex: 14    Spells: 1/1 levels left

rFire   . . .      SeeInvis .    a - +0 war axe
rCold   . . .      Faith    .    (no shield)
rNeg    . . .      Spirit   .    b - +0 leather armour
rPois   .          Reflect  .    c - +0 helmet
rElec   .          Harm     .    (no cloak)
rCorr   .          Rampage  .    (no gloves)
Will    .....                    (no boots)
Stlth   +                        (no amulet)
HPRegen 0.23/turn                (no ring)
MPRegen 0.08/turn                (no ring)

@: no status effects
A: spiny 1
a: no special abilities


You were on level 1 of the Dungeon.
You visited 1 branch of the dungeon, and saw 1 of its levels.

You collected 47 gold pieces.

Inventory:

Hand Weapons
 a - a +0 war axe (weapon)
 m - a +0 spear
Missiles
 d - 3 throwing nets
 e - a javelin
 g - a stone (quivered)
 h - 2 poisoned darts
Armour
 b - a +0 leather armour (worn)
 c - a +0 helmet (worn)
Scrolls
 j - a scroll of blinking {unknown}
 l - a scroll of immolation {unknown}
 o - a scroll of poison {unknown}
Potions
 f - a potion of cancellation {unknown}
 i - 2 potions of flight {unknown}
 k - a potion of lignification {unknown}


   Skills:
 * Level 2.2 Fighting
 + Level 3.0 Axes
 - Level 2.0 Throwing
 * Level 2.8 Dodging


You had one spell level left.
You didn't know any spells.
Your spell library was empty.

Dungeon Overview and Level Annotations

Branches:
Dungeon (1/15)

Altars:


Innate Abilities, Weirdness & Mutations

You are partially covered in sharp spines.


Message History

You kill the dart slug!
You start resting.
HP restored.
Found a helmet.
Found 13 gold pieces.
You now have 34 gold pieces (gained 15).
You now have 47 gold pieces (gained 13).
You see here a +0 helmet.
n - a +0 helmet
o - a scroll labelled SEAL UMAMN You start removing your armour.
You continue taking off your +0 helmet. x4
You finish taking off your +0 helmet.
You start putting on your armour.
You continue putting on your +0 helmet. x5
You finish putting on your +0 helmet.
You start removing your armour.
You continue taking off your +0 helmet. x4
You finish taking off your +0 helmet.
You start putting on your armour.
You continue putting on your +0 helmet. x5
You finish putting on your +0 helmet.
You drop a +0 helmet.
A gnoll comes into view. It is wielding a +0 spear.
The gnoll shouts!
The gnoll hits you with a +0 spear.
You hit the gnoll but do no damage. The gnoll hits you with a +0 spear.
You slash the gnoll!
The gnoll is severely wounded.
The gnoll closely misses you.
You barely miss the gnoll.
The gnoll is severely wounded.
The gnoll hits you with a +0 spear. The gnoll misses you.
You barely miss the gnoll.
The gnoll is severely wounded.
The gnoll hits you but does no damage.
You barely miss the gnoll.
The gnoll is severely wounded.
The gnoll hits you with a +0 spear!
* * * LOW HITPOINT WARNING * * *
You hit the gnoll.
The gnoll is almost dead.
The gnoll hits you with a +0 spear.
You die...

......... #.# #......# .########
# ## #...##.###.## .# ##. .
#...># #.## ### ..#+#. ####)#
#+## ..# # ..... #...# ..# #.
...# #.### ..# #.. ..#######.###
..# #.##g..........# ..#
####..#@#######.#.# ..##
#.................# ....
#.##..#.#.###.###.# .###### #.
#..(...# #.# .# .#
#.####.##......# #.# + .#
#.#.##.......#.# #.# # .#
#.#..........#.###.########## .#
#.#.#.#.#....................
.####...................#########


You could see a gnoll.

Vanquished Creatures
  A dart slug (D:1)
  2 ball pythons (D:1)
  A bat (D:1)
  3 endoplasms (D:1)
  A hobgoblin (D:1)
  A quokka (D:1)
  A frilled lizard (D:1)
  A kobold (D:1)
  A rat (D:1)
12 creatures vanquished.

Notes
Turn   | Place    | Note
-------+----------+-------------------------------------------
     0 | D:1      | IdlyInterested the Demonspawn Gladiator began the quest for
                  | the Orb.
     0 | D:1      | Reached XP level 1. HP: 16/16 MP: 1/1
   302 | D:1      | Reached skill level 3 in Axes
   302 | D:1      | Gained mutation: You are partially covered in sharp spines.
                  | [demonic ancestry]
   302 | D:1      | Reached XP level 2. HP: 22/22 MP: 2/2
   444 | D:1      | Slain by a gnoll

Illustrated notes

Levels and vault maps discovered:
D:1:      evilmike_arrival_fibonacci_small, layout_basic, serial_shops,
          nicolae_shop_behind_doors

Skill      XL: |  1 |
---------------+----+-----
Axes           | 3 |  3.0
Throwing       | 2 |  2.0
Fighting       | |  2.2
Dodging        | |  2.8

Action                   || total
-------------------------++-------
Melee: War axe           ||    35
Throw: Stone             ||     4
 Stab: Sleeping          ||     1
Armor: Leather armour    ||    10
Dodge: Dodged            ||    13

Table legend: (Time is in decaauts)
 A = Elapsed time spent in this place.
 B = Non-inter-level travel time spent in this place.
 C = Inter-level travel time spent in this place.
 D = Time resting spent in this place.
 E = Time spent auto-exploring this place.
 F = Levels seen in this place.
 G = Mean time per level.
                   A        B        C        D        E       F      G
               +--------+--------+--------+--------+--------+-----+--------+
         Total |    455 |    455 |      0 |     44 |    251 |   1 |  455.0 |
       Dungeon |    455 |    455 |      0 |     44 |    251 |   1 |  455.0 |
               +--------+--------+--------+--------+--------+-----+--------+

Top non-repeatable levels by time:
     D:1: 455 daAuts
